 Dungeon Crawl Stone Soup version 0.29.1-13-g9f3cf754e1 (webtiles) character file.

Game seed: 2012155128042476525

145 hawla the Chiller (level 5, -5/35 (38) HPs)
             Began as a Meteoran Ice Elementalist on Jan 23, 2023.
             Slain by a wight
             ... wielding a +2 dagger
              (9 damage)
             ... on level 3 of the Dungeon.
             The game lasted 00:04:40 (983 turns).

hawla the Chiller (Meteoran Ice Elementalist)        Turns: 983, Time: 00:04:40

HP:   -5/35 (38)    AC:  2    Str: 10    XL:     5   Next: 83%
MP:   0/11          EV: 12    Int: 18    God:
Gold: 103           SH:  0    Dex: 14    Spells: 3/11 levels left

rFire   . . .      SeeInvis .   f - staff of cold
rCold   + . .      Faith    .   (no shield)
rNeg    . . .      Spirit   .   a - +0 robe
rPois   .          Reflect  .   (no helmet)
rElec   .          Harm     .   (no cloak)
rCorr   .          Rampage  .   (no gloves)
Will    .....                   (no boots)
Stlth   +.........              (no amulet)
HPRegen 0.11/turn               (no ring)
MPRegen 0.12/turn               (no ring)

@: freezing walls, very slightly contaminated, glowing, drained
A: sense surroundings 1, otherworldly, glowing, explore regen
a: no special abilities


You were on level 3 of the Dungeon.
You visited 1 branch of the dungeon, and saw 3 of its levels.

You collected 103 gold pieces.

Inventory:

Armour
 a - a +0 robe (worn)
Magical Staves
 f - a staff of cold (weapon)
Potions
 b - 2 potions of magic
 e - a potion of cancellation


   Skills:
 - Level 2.5 Dodging
 - Level 1.4 Stealth
 - Level 3.9 Spellcasting
 + Level 0.1 Conjurations
 - Level 5.6 Ice Magic
 - Level 3.0 Evocations


You had 3 spell levels left.
You knew the following spells:

 Your Spells              Type           Power      Damage    Failure   Level
a - Freeze                Ice            100%       1d11      1%          1
b - Frozen Ramparts       Ice            72%        1d11      4%          3
c - Hailstorm             Conj/Ice       21%        3d6       41%         4

Your spell library contained the following spells:

 Spells                   Type           Power      Damage    Failure   Level
 Ozocubu's Armour         Ice            36%        N/A       4%          3
 Ensorcelled Hibernation  Hex/Ice        40%        N/A       7%          2
 Passwall                 Tmut/Erth      2%         N/A       22%         2
 Swiftness                Air            3%         N/A       41%         3


Dungeon Overview and Level Annotations

Branches:
Dungeon (3/15) Zot: 814

Altars:


Innate Abilities, Weirdness & Mutations

You passively map a small area around you.
You are easily found by Zot.
You glow in the dark.
You regain HP and MP as you explore.


Message History

The wight misses you.
You hit the wight.
The wight is moderately damaged.
The wall freezes the endoplasm!
You kill the endoplasm!
The wight resists.
The wall freezes the wight.
The wight completely resists.
The wall freezes the wight but does no damage.
The wight hits you with a +2 dagger.
* * * LOW HITPOINT WARNING * * *
The wight resists.
The wall freezes the wight.
The wight barely misses you.
Okay, then.
You aren't carrying any scrolls.
Okay, then.
You aren't carrying any items that you can evoke.
Unknown command.
Okay, then.
Casting: Frozen Ramparts (dangerous; 4% risk of failure)
Confirm with . or Enter, or press ? or * to list all spells.
The spell is extremely dangerous to miscast (41% risk of failure)!
Continue anyway?
Casting: Hailstorm (extremely dangerous; 41% risk of failure)
Press: ? - help, Dir - look around, f - activate You feel a surge of power!
You miscast Hailstorm.
You are very lightly contaminated with residual magic.
Nothing appears to happen.
The wight resists.
The wall freezes the wight.
The wall freezes the wight but does no damage.
The wight closely misses you.
The wight resists.
The wall freezes the wight.
The wight barely misses you.
Casting: Hailstorm (extremely dangerous; 41% risk of failure)
Confirm with . or Enter, or press ? or * to list all spells.
The spell is extremely dangerous to miscast (41% risk of failure)!
Continue anyway?
Casting: Hailstorm (extremely dangerous; 41% risk of failure)
Press: ? - help, Dir - look around, f - activate You feel a surge of power!
You miscast Hailstorm.
You are caught in an explosion of ice and frost.
You resist.
* * * LOW HITPOINT WARNING * * *
The wight resists.
The wall freezes the wight.
The wight completely resists.
The wall freezes the wight but does no damage.
The wight hits you with a +2 dagger!
You die...

, *+# , #.#
.#., , #.#
.... * #.#
..... #.# , *
,.....# #.# ,
......#* #.# ,
,
......z###.##
,
..?...zz@).)#
* *
....######..##
. ,* #...## **
, #....# *
#.##.# #.##.#
########.##.#
,
.........##.#
* * *
.#.....[...#


You could see 3 wights.

Vanquished Creatures
  A wight (D:3)
  4 gnolls (D:2)
  2 adders
  4 endoplasms
  A giant cockroach (D:2)
  3 hobgoblins
  5 quokkas
  A ball python (D:2)
  3 bats
  2 frilled lizards
  5 goblins
  2 kobolds
  6 rats
39 creatures vanquished.

Notes
Turn   | Place    | Note
-------+----------+-------------------------------------------
     0 | D:1      | hawla the Meteoran Ice Elementalist began the quest for the
                  | Orb.
     0 | D:1      | Reached XP level 1. HP: 14/14 MP: 5/5
    64 | D:1      | Reached XP level 2. HP: 15/20 MP: 3/6
   168 | D:2      | Reached skill level 5 in Ice Magic
   168 | D:2      | Reached XP level 3. HP: 5/25 MP: 4/8
   176 | D:2      | Reached XP level 4. HP: 11/33 MP: 3/9
   299 | D:2      | Learned a level 3 spell: Frozen Ramparts
   571 | D:2      | Reached skill level 1 in Evocations
   669 | D:2      | Reached XP level 5. HP: 38/38 MP: 6/11
   967 | D:3      | Learned a level 4 spell: Hailstorm
   983 | D:3      | Slain by a wight

Illustrated notes

Levels and vault maps discovered:
D:1:      ncdulo_watergridlock, layout_rooms, chequers_ecumenical_altar_simple
D:2:      minmay_angry_zag, layout_loops_ring, feat_on_display
D:3:      layout_loops_corners, mainiacjoe_overflow_alcove_3, minmay_pentangle

Skill      XL: |  1  2  3  4  5 |
---------------+----------------+-----
Spellcasting   | 3 |  3.9
Ice Magic      | 5 |  5.6
Evocations     | 1 3 |  3.0
Dodging        | |  2.5
Stealth        | |  1.4
Conjurations   | |  0.1

Action                   |  1- 3 |  4- 6 || total
-------------------------+-------+-------++-------
Melee: Unarmed           |     6 |     3 ||     9
       Staff             |       |    12 ||    12
 Cast: Freeze            |    22 |    12 ||    34
       Frozen Ramparts   |       |    19 ||    19
  Use: Scroll            |     2 |     1 ||     3
       Potion            |     1 |     3 ||     4
Armor: Robe              |     5 |     1 ||     6
       Skin              |     4 |    10 ||    14
Dodge: Dodged            |    11 |    16 ||    27
